 Dungeon Crawl Stone Soup version 0.21.1-1-g345015f (webtiles) character file.

27715 tidbits the Thaumaturge (level 13, 0/147 HPs)
             Began as a Gnoll Earth Elementalist on Feb 8, 2018.
             Was a Priest of Cheibriados.
             Killed by angry trees
             ... awakened by a spriggan druid
              (6 damage)
             ... on level 4 of the Swamp.
             The game lasted 01:12:14 (3981 turns).

tidbits the Thaumaturge (Gnoll Earth Elementalist)  Turns: 3981, Time: 01:12:15

Health: 0/147      AC: 35    Str: 20      XL:     13   Next: 34%
Magic:  15/26      EV:  2    Int: 29      God:    Cheibriados [***...]
Gold:   644        SH:  0    Dex: 28 (29) Spells: 3/31 levels left

rFire    . . .     SeeInvis .     - Unarmed
rCold    . . .     Gourm    .   (no shield)
rNeg     + + +     Faith    .   (armour currently unavailable)
rPois    +         Spirit   .   (helmet currently unavailable)
rElec    .         Reflect  .   (cloak currently unavailable)
rCorr    .         Harm     .   (gloves currently unavailable)
MR       +....     NoTele   +   (boots currently unavailable)
Stlth    +++++.....             (no amulet)
HPRegen  0.34/turn              X - +5 ring of dexterity
MPRegen  0.20/turn              (no ring)

@: icy armour, tree-form, very slow
A: distributed training, blurry vision 1, deterioration 1, magic resistance 1,
evolution 1, strong nose
a: Bend Time, Temporal Distortion, Renounce Religion


You were on level 4 of the Swamp.
You worshipped Cheibriados.
Cheibriados was most pleased with you.
You were not hungry.
You were a tree.
You visited 4 branches of the dungeon, and saw 20 of its levels.

You collected 644 gold pieces.

Inventory:

Hand Weapons
 a - a +1 dagger of venom
   (You found it on level 5 of the Dungeon)
 b - a +0 rapier
 n - a +1 war axe of draining
   (You took it off an orc warrior on level 8 of the Dungeon)
 s - a +0 morningstar
 G - a +4 scimitar of flaming
   (You took it off an efreet on level 11 of the Dungeon)
 I - a +2 flail of crushing
   (You took it off a gargoyle on level 11 of the Dungeon)
Missiles
 j - 152 arrows
 o - 208 stones
 H - 4 tomahawks (quivered)
 J - a throwing net {!f}
Armour
 m - a +2 helmet
 y - the +4 ring mail of Pauhorih {rC+}
   (You found it on level 4 of the Dungeon)

   It protects you from cold.
 z - the +1 robe of Fun {MR+}
   (You found it on level 7 of the Dungeon)

   It affects your resistance to hostile enchantments.
 B - a +0 troll leather armour (melded)
 C - a +2 cloak (melded)
 F - a +0 pair of boots (melded)
Magical Staves
 K - an uncursed staff of conjuration {!a}
   (You found it on level 11 of the Dungeon)
Jewellery
 X - a +5 ring of dexterity (left branch)
   (You found it on level 10 of the Dungeon)
Wands
 k - a wand of polymorph (11)
 q - a wand of enslavement (2)
 L - a wand of iceblast (4)
Scrolls
 d - a scroll of teleportation
 g - 2 scrolls of amnesia
 r - 3 scrolls of remove curse
 w - 3 scrolls of enchant weapon
Potions
 f - a potion of brilliance
 l - a potion of ambrosia
 A - 3 potions of flight
 D - 2 potions of curing
Books
 e - a book of Geomancy

   Spells                             Type                      Level
   a - Sandblast                      Earth                        1
   b - Passwall                       Transmutation/Earth          2
   c - Stone Arrow                    Conjuration/Earth            3
   d - Petrify                        Transmutation/Earth          4
   e - Lee's Rapid Deconstruction     Earth                        5
 h - a book of Frost
   (You found it on level 12 of the Dungeon)

   Spells                             Type                      Level
   a - Freeze                         Ice                          1
   b - Throw Frost                    Conjuration/Ice              2
   c - Ozocubu's Armour               Charms/Ice                   3
   d - Throw Icicle                   Conjuration/Ice              4
   e - Summon Ice Beast               Ice/Summoning                4
 p - a book of Minor Magic
   (You found it on level 4 of the Dungeon)

   Spells                             Type                      Level
   a - Magic Dart                     Conjuration                  1
   b - Blink                          Translocation                2
   c - Call Imp                       Summoning                    2
   d - Slow                           Hexes                        2
   e - Conjure Flame                  Conjuration/Fire             3
   f - Mephitic Cloud                 Conjuration/Poison/Air       3
 M - a book of Beasts
   (You found it on level 1 of the Lair of Beasts)

   Spells                             Type                      Level
   a - Summon Butterflies             Summoning                    1
   b - Call Canine Familiar           Summoning                    3
   c - Summon Ice Beast               Ice/Summoning                4
   d - Summon Mana Viper              Hexes/Summoning              5
   e - Summon Hydra                   Summoning                    7
Comestibles
 c - 15 rations


   Skills:
 + Level 8.0 Fighting
 + Level 8.0 Short Blades
 + Level 8.0 Long Blades
 + Level 8.0 Axes
 + Level 8.0 Maces & Flails
 + Level 8.0 Polearms
 + Level 8.0 Staves
 + Level 8.0 Slings
 + Level 8.0 Bows
 + Level 8.0 Crossbows
 + Level 8.0 Throwing
 + Level 8.0 Armour
 + Level 9.3 Dodging
 + Level 9.1 Stealth
 + Level 8.0 Shields
 + Level 8.0 Unarmed Combat
 + Level 9.5 Spellcasting
 + Level 6.7 Conjurations
 + Level 6.7 Hexes
 + Level 6.7 Charms
 + Level 6.7 Summonings
 + Level 6.7 Necromancy
 + Level 6.7 Translocations
 + Level 7.1 Transmutations
 + Level 6.7 Fire Magic
 + Level 6.7 Ice Magic
 + Level 6.7 Air Magic
 + Level 8.7 Earth Magic
 + Level 6.7 Poison Magic
 + Level 8.8 Invocations
 + Level 8.0 Evocations


You had 3 spell levels left.
You knew the following spells:

 Your Spells              Type           Power        Failure   Level  Hunger
a - Sandblast             Erth           ######       1%          1    None
b - Blink                 Tloc           N/A          1%          2    None
c - Conjure Flame         Conj/Fire      ######..     1%          3    None
e - Petrify               Tmut/Erth      ######..     1%          4    None
i - Summon Ice Beast      Ice/Summ       ######..     2%          4    None
m - Mephitic Cloud        Conj/Pois/Air  ######..     1%          3    None
o - Ozocubu's Armour      Chrm/Ice       ######..     1%          3    None
p - Passwall              Tmut/Erth      ######....   1%          2    None
D - Lee's Rapid Deconstr  Erth           ######....   3%          5    ####...
P - Summon Butterflies    Summ           ######..     1%          1    None


Dungeon Overview and Level Annotations

Branches:
Dungeon (13/15)            Temple (1/1) D:4            Lair (2/6) D:11
  Swamp (4/4) Lair:2
  Snake: Lair:2-4    Spider: Lair:2-4       Orc: D:9-12      Vaults: D:13-14

Altars:
Ashenzari
Cheibriados
Elyvilon
Fedhas
Hepliaklqana
Makhleb
Nemelex Xobeh
Qazlal
Ru
Sif Muna
Uskayaw
Xom
Yredelemnul
Zin
The Shining One

Shops:
D:10 =


Innate Abilities, Weirdness & Mutations

Your experience applies equally to all skills.
((You have very sharp teeth.))
Your uncanny sense of smell can sniff out nearby items.
Scrolls take you a little longer to read.
Your body sometimes deteriorates upon taking damage.
You are resistant to hostile enchantments. (MR+)
You evolve.


Message History

Aim: a spriggan druid, wielding a quarterstaff and wearing a robe
Okay, then.
Unknown command.
Evoke which item? (* to show all) (? for menu, Esc to quit)
Aiming: Corrosive Bolt
Press: ? - help, Shift-Dir - straight line, f - swamp drake, p - spriggan druid
Aim: a swamp drake (catching its breath)
The bolt of acid hits the five-headed hydra.
The five-headed hydra is splashed with acid.
The five-headed hydra is moderately wounded.
The bolt of acid misses the swamp drake.
The swamp drake breathes noxious fumes at you.
Helpless, you fail to dodge the noxious blast.
The five-headed hydra bites you!
* * * LOW HITPOINT WARNING * * *
The five-headed hydra bites you but does no damage.
The five-headed hydra bites you!
* * * LOW HITPOINT WARNING * * *
The five-headed hydra bites you but does no damage. x2
A swamp dragon comes into view.
Press: ? - help, v - describe, . - travel
Here: a five-headed hydra (noxious fumes, moderately wounded)
The floor, spattered with blood.
Unknown command.
Unknown command.
Press: ? - help, v - describe, . - travel, g - get item
Here: a spriggan druid, wielding a quarterstaff and wearing a robe (noxious fumes) +0 swamp dragon scales.
There is something else lying underneath.
Some shallow water.
Unknown command.
Evoke which item? (* to show all) (? for menu, Esc to quit)
Aiming: Corrosive Bolt
Press: ? - help, Shift-Dir - straight line, f/p - swamp drake
Aim: a swamp drake (noxious fumes, catching its breath)
The bolt of acid hits the five-headed hydra.
The five-headed hydra is splashed with acid.
The acid corrodes the five-headed hydra!
The five-headed hydra is severely wounded.
The bolt of acid hits the swamp drake.
The swamp drake is splashed with acid.
The acid corrodes the swamp drake!
The swamp drake is moderately wounded.
The now-empty wand crumbles to dust.
The spriggan druid is engulfed in noxious fumes.
The spriggan druid casts a spell at you.
The stone arrow hits you!
* * * LOW HITPOINT WARNING * * *
The swamp drake bites you but does no damage.
The five-headed hydra bites you but does no damage. x5
A swamp dragon comes into view.
Unknown command.
Unknown command.
Unknown command.
You feel much better. The spriggan druid barely misses you.
The swamp drake bites you but does no damage.
The five-headed hydra bites you but does no damage. x5
Unknown command.
You pummel the five-headed hydra!!
The five-headed hydra is almost dead.
The swamp drake breathes noxious fumes at you.
Helpless, you fail to dodge the noxious blast.
The spriggan druid is engulfed in noxious fumes.
The spriggan druid splashes around in the water.
The five-headed hydra bites you but does no damage. x3
The five-headed hydra bites you.
* * * LOW HITPOINT WARNING * * *
The five-headed hydra bites you!
* * * LOW HITPOINT WARNING * * *
Unknown command.
You hit the five-headed hydra.
The five-headed hydra is almost dead.
The swamp drake bites you!
* * * LOW HITPOINT WARNING * * *
The five-headed hydra bites you but does no damage.
The five-headed hydra bites you.
* * * LOW HITPOINT WARNING * * *
The five-headed hydra bites you but does no damage. x2
The five-headed hydra bites you.
* * * LOW HITPOINT WARNING * * *
The spriggan druid is engulfed in noxious fumes.
The spriggan druid gestures wildly while chanting.
The forest starts to sway and rumble!
Unknown command.
Unknown command.
Unknown command.
Press: ? - help, v - describe, . - travel, g - get item
Here: a spriggan druid, wielding a quarterstaff and wearing a robe (noxious fumes) +0 swamp dragon scales.
There is something else lying underneath.
Some shallow water.
Evoke which item? (* to show all) (? for menu, Esc to quit)
Okay, then.
Unknown command.
Unknown command.
Okay, then.
Unknown command.
Casting: Sandblast
Confirm with . or Enter, or press ? or * to list all spells.
A film of ice covers your body! A root smacks you from below.
You die...

♣...≈≈.♣♣.≈≈≈≈≈≈≈§≈♣.≈≈≈≈i§≈≈≈...
♣≈≈≈.<♣♣.≈.≈†≈≈≈≈.....≈≈§≈♣≈.≈...
♣♣..≈.≈≈.≈≈†........≈≈≈.♣♣##♣≈≈..
♣.≈≈≈♣♣≈≈≈..≈≈....≈≈.♣♣# ♣.!.
♣.≈≈.♣♣♣♣.≈≈≈≈...♣.≈♣# ♣≈.
♣♣..♣♣♣≈≈.≈≈≈≈♣♣D.§♣# ∆ ♣≈ ♣♣♣
♣≈♣≈≈≈..♣♣.§.♣ ♣ ♣♣♣.≈♣♣≈♣♣i§♣#
♣.≈♣♣♣♣♣kk♣ ♣♣≈♣ ♣♣D§.♣ ♣♣ §§≈≈♣
♣?≈≈≈≈♣ ≈.≈D≈≈.# ≈..≈≈♣♣.♣ ≈..≈§.
≈.≈# .# ≈≈.≈≈≈≈ ♣.. ≈ ♣.♣≈


You could see a five-headed hydra, 2 swamp dragons, a spriggan druid and 2 swamp
drakes.

Vanquished Creatures
  Erolcha (D:10)
  7 hydras
  A catoblepas (D:13)
  3 alligators
  3 two-headed ogres
  An unseen horror (D:11)
  2 swamp dragons (Swamp:4)
  A spriggan druid (Swamp:4)
  A shambling mangrove (Swamp:4)
  2 ugly things
  A centaur zombie (D:12)
  A manticore (D:11)
  A black mamba (Lair:1)
  Psyche (D:11)
  A komodo dragon (Lair:1)
  2 spiny frogs
  A gargoyle (D:11)
  2 rime drakes (D:11)
  An efreet (D:11)
  2 trolls
  A merfolk (D:12)
  2 hornets (Swamp:4)
  A bog body (Swamp:1)
  5 hippogriffs
  A shadow (Swamp:4)
  A spriggan (Swamp:4)
  A wyvern (D:11)
  A yak (Lair:2)
  A steam dragon (D:11)
  9 vampire mosquitoes
  A hungry ghost (D:9)
  6 swamp worms
  4 insubstantial wisps (Swamp:3)
  An acid dragon (D:11)
  4 water moccasins
  An orc warrior (D:8)
  2 swamp drakes
  3 sky beasts
  2 black bears (D:11)
  An ogre (D:6)
  3 phantoms
  A necrophage (D:12)
  A centaur (D:9)
  A crocodile (D:11)
  A big kobold (D:12)
  8 bullfrogs
  A wyvern skeleton (D:9)
  2 scorpions
  7 killer bees
  3 crimson imps
  A bullfrog zombie (D:13)
  6 hounds
  2 orc wizards
  3 bullfrog skeletons
  2 orc priests (D:8)
  2 jellies
  3 centaur skeletons
  An iron imp (D:6)
  An iguana (D:11)
  6 worker ants
  Terence (D:3)
  A killer bee zombie (D:10)
  A hound zombie (D:8)
  A hound skeleton (D:11)
  7 adders
  A gnoll (D:1)
  A river rat (D:7)
  A shadow imp (D:7)
  An adder zombie (D:7)
  A dart slug (D:1)
  4 leopard geckos
  17 orcs
  2 giant cockroaches
  3 goblins
  A hobgoblin (D:2)
  5 jackals
  3 quokkas
  3 bats (D:3)
  2 frilled lizards
  6 kobolds
  A quokka zombie (D:5)
  4 rats
205 creatures vanquished.

Vanquished Creatures (collateral kills)
  3 hydras (Swamp:4)
  A spriggan druid (Swamp:4)
  A swamp dragon (Swamp:4)
  A tyrant leech (Swamp:4)
  A swamp drake (Swamp:4)
7 creatures vanquished.

Vanquished Creatures (others)
  2 hydras (Swamp:4)
  A swamp dragon (Swamp:4)
  A hornet (Swamp:4)
  A vampire mosquito (Swamp:4)
  A swamp worm (Swamp:4)
  A quokka (D:13)
7 creatures vanquished.

Grand Total: 219 creatures vanquished

Notes
Turn   | Place    | Note
-------+----------+-------------------------------------------
     0 | D:1      | tidbits the Gnoll Earth Elementalist began the quest for the Orb.
     0 | D:1      | Reached XP level 1. HP: 13/13 MP: 6/6
    42 | D:1      | Reached skill level 2 in Transmutations
    71 | D:2      | Reached XP level 2. HP: 20/20 MP: 3/7
   124 | D:1      | Reached skill level 5 in Spellcasting
   124 | D:1      | Reached XP level 3. HP: 25/25 MP: 2/9
   197 | D:3      | Learned a level 2 spell: Passwall
   201 | D:3      | Learned a level 3 spell: Stone Arrow
   289 | D:4      | Noticed a scorpion
   292 | D:5      | Entered Level 5 of the Dungeon
   305 | D:3      | Found a hazy altar of Hepliaklqana.
   305 | D:3      | Noticed Terence
   310 | D:3      | Killed Terence
   310 | D:3      | Reached skill level 1 in Fighting
   310 | D:3      | Reached skill level 1 in Short Blades
   310 | D:3      | Reached skill level 1 in Long Blades
   310 | D:3      | Reached skill level 1 in Axes
   310 | D:3      | Reached skill level 1 in Maces & Flails
   310 | D:3      | Reached skill level 1 in Polearms
   310 | D:3      | Reached skill level 1 in Staves
   310 | D:3      | Reached skill level 1 in Slings
   310 | D:3      | Reached skill level 1 in Bows
   310 | D:3      | Reached skill level 1 in Crossbows
   310 | D:3      | Reached skill level 1 in Throwing
   310 | D:3      | Reached skill level 1 in Armour
   310 | D:3      | Reached skill level 1 in Shields
   310 | D:3      | Reached skill level 1 in Unarmed Combat
   310 | D:3      | Reached skill level 1 in Invocations
   310 | D:3      | Reached skill level 1 in Evocations
   310 | D:3      | Reached XP level 4. HP: 28/32 MP: 2/11
   384 | D:4      | Reached skill level 1 in Conjurations
   384 | D:4      | Reached skill level 1 in Hexes
   384 | D:4      | Reached skill level 1 in Charms
   384 | D:4      | Reached skill level 1 in Summonings
   384 | D:4      | Reached skill level 1 in Necromancy
   384 | D:4      | Reached skill level 1 in Translocations
   384 | D:4      | Reached skill level 1 in Fire Magic
   384 | D:4      | Reached skill level 1 in Ice Magic
   384 | D:4      | Reached skill level 1 in Air Magic
   384 | D:4      | Reached skill level 1 in Poison Magic
   395 | D:4      | Learned a level 2 spell: Blink
   483 | D:3      | Reached XP level 5. HP: 28/37 MP: 9/12
   580 | D:4      | Found a staircase to the Ecumenical Temple.
   591 | Temple   | Entered the Ecumenical Temple
   669 | D:4      | Got a pitted ring mail
   680 | D:4      | Identified the +4 ring mail of Pauhorih {rC+} (You found it on level 4 of the Dungeon)
   950 | D:6      | Noticed an ogre
   977 | D:6      | Killed an ogre
   977 | D:6      | Reached skill level 2 in Invocations
   977 | D:6      | Reached XP level 6. HP: 44/44 MP: 9/14
  1011 | D:6      | You fall through a shaft!
  1025 | D:7      | Got a heavy robe
  1036 | D:7      | Identified the +1 robe of Fun {MR+} (You found it on level 7 of the Dungeon)
  1041 | D:7      | Learned a level 3 spell: Conjure Flame
  1137 | D:7      | Reached skill level 5 in Dodging
  1164 | D:7      | Reached skill level 2 in Fighting
  1164 | D:7      | Reached skill level 2 in Short Blades
  1164 | D:7      | Reached skill level 2 in Long Blades
  1164 | D:7      | Reached skill level 2 in Axes
  1164 | D:7      | Reached skill level 2 in Maces & Flails
  1164 | D:7      | Reached skill level 2 in Polearms
  1164 | D:7      | Reached skill level 2 in Staves
  1164 | D:7      | Reached skill level 2 in Slings
  1164 | D:7      | Reached skill level 2 in Bows
  1164 | D:7      | Reached skill level 2 in Crossbows
  1164 | D:7      | Reached skill level 2 in Throwing
  1164 | D:7      | Reached skill level 2 in Armour
  1164 | D:7      | Reached skill level 2 in Shields
  1164 | D:7      | Reached skill level 2 in Unarmed Combat
  1164 | D:7      | Reached skill level 2 in Evocations
  1192 | D:8      | Noticed a water moccasin
  1201 | D:8      | Killed a water moccasin
  1201 | D:8      | Reached XP level 7. HP: 43/50 MP: 8/15
  1226 | D:7      | Reached skill level 2 in Conjurations
  1226 | D:7      | Reached skill level 2 in Hexes
  1226 | D:7      | Reached skill level 2 in Charms
  1226 | D:7      | Reached skill level 2 in Summonings
  1226 | D:7      | Reached skill level 2 in Necromancy
  1226 | D:7      | Reached skill level 2 in Translocations
  1226 | D:7      | Reached skill level 2 in Fire Magic
  1226 | D:7      | Reached skill level 2 in Ice Magic
  1226 | D:7      | Reached skill level 2 in Air Magic
  1226 | D:7      | Reached skill level 2 in Poison Magic
  1297 | D:8      | Reached skill level 3 in Transmutations
  1298 | D:8      | Noticed a two-headed ogre
  1301 | D:8      | Killed a two-headed ogre
  1301 | D:8      | Reached skill level 3 in Fighting
  1301 | D:8      | Reached skill level 3 in Short Blades
  1301 | D:8      | Reached skill level 3 in Long Blades
  1301 | D:8      | Reached skill level 3 in Axes
  1301 | D:8      | Reached skill level 3 in Maces & Flails
  1301 | D:8      | Reached skill level 3 in Polearms
  1301 | D:8      | Reached skill level 3 in Staves
  1301 | D:8      | Reached skill level 3 in Slings
  1301 | D:8      | Reached skill level 3 in Bows
  1301 | D:8      | Reached skill level 3 in Crossbows
  1301 | D:8      | Reached skill level 3 in Throwing
  1301 | D:8      | Reached skill level 3 in Armour
  1301 | D:8      | Reached skill level 5 in Stealth
  1301 | D:8      | Reached skill level 3 in Shields
  1301 | D:8      | Reached skill level 3 in Unarmed Combat
  1301 | D:8      | Reached skill level 6 in Spellcasting
  1301 | D:8      | Reached skill level 6 in Earth Magic
  1301 | D:8      | Reached skill level 3 in Invocations
  1301 | D:8      | Reached skill level 3 in Evocations
  1301 | D:8      | Reached XP level 8. HP: 47/58 MP: 4/17
  1427 | D:8      | Reached skill level 4 in Invocations
  1453 | D:8      | Reached skill level 3 in Conjurations
  1453 | D:8      | Reached skill level 3 in Hexes
  1453 | D:8      | Reached skill level 3 in Charms
  1453 | D:8      | Reached skill level 3 in Summonings
  1453 | D:8      | Reached skill level 3 in Necromancy
  1453 | D:8      | Reached skill level 3 in Translocations
  1453 | D:8      | Reached skill level 3 in Fire Magic
  1453 | D:8      | Reached skill level 3 in Ice Magic
  1453 | D:8      | Reached skill level 3 in Air Magic
  1453 | D:8      | Reached skill level 3 in Poison Magic
  1487 | D:6      | Reached XP level 9. HP: 50/65 MP: 3/18
  1493 | D:6      | Reached skill level 6 in Dodging
  1570 | D:6      | Found a snail-covered altar of Cheibriados.
  1571 | D:6      | Reached skill level 4 in Fighting
  1571 | D:6      | Reached skill level 4 in Short Blades
  1571 | D:6      | Reached skill level 4 in Long Blades
  1571 | D:6      | Reached skill level 4 in Axes
  1571 | D:6      | Reached skill level 4 in Maces & Flails
  1571 | D:6      | Reached skill level 4 in Polearms
  1571 | D:6      | Reached skill level 4 in Staves
  1571 | D:6      | Reached skill level 4 in Slings
  1571 | D:6      | Reached skill level 4 in Bows
  1571 | D:6      | Reached skill level 4 in Crossbows
  1571 | D:6      | Reached skill level 4 in Throwing
  1571 | D:6      | Reached skill level 4 in Armour
  1571 | D:6      | Reached skill level 4 in Shields
  1571 | D:6      | Reached skill level 4 in Unarmed Combat
  1571 | D:6      | Reached skill level 4 in Transmutations
  1571 | D:6      | Reached skill level 4 in Evocations
  1587 | D:6      | Became a worshipper of Cheibriados the Contemplative
  1700 | D:8      | Learned a level 3 spell: Mephitic Cloud
  1705 | D:8      | Learned a level 4 spell: Petrify
  1717 | D:9      | Reached skill level 6 in Stealth
  1863 | D:9      | Reached skill level 5 in Invocations
  1916 | D:10     | Entered Level 10 of the Dungeon
  1952 | D:11     | Killed an unseen horror
  1952 | D:11     | Reached skill level 7 in Spellcasting
  1952 | D:11     | Reached skill level 4 in Conjurations
  1952 | D:11     | Reached skill level 4 in Hexes
  1952 | D:11     | Reached skill level 4 in Charms
  1952 | D:11     | Reached skill level 4 in Summonings
  1952 | D:11     | Reached skill level 4 in Necromancy
  1952 | D:11     | Reached skill level 4 in Translocations
  1952 | D:11     | Reached skill level 4 in Fire Magic
  1952 | D:11     | Reached skill level 4 in Ice Magic
  1952 | D:11     | Reached skill level 4 in Air Magic
  1952 | D:11     | Reached skill level 4 in Poison Magic
  1952 | D:11     | Reached XP level 10. HP: 45/73 MP: 18/20
  1968 | D:11     | Noticed a manticore
  1974 | D:11     | Killed a manticore
  1974 | D:11     | Reached skill level 5 in Fighting
  1974 | D:11     | Reached skill level 5 in Short Blades
  1974 | D:11     | Reached skill level 5 in Long Blades
  1974 | D:11     | Reached skill level 5 in Axes
  1974 | D:11     | Reached skill level 5 in Maces & Flails
  1974 | D:11     | Reached skill level 5 in Polearms
  1974 | D:11     | Reached skill level 5 in Staves
  1974 | D:11     | Reached skill level 5 in Slings
  1974 | D:11     | Reached skill level 5 in Bows
  1974 | D:11     | Reached skill level 5 in Crossbows
  1974 | D:11     | Reached skill level 5 in Throwing
  1974 | D:11     | Reached skill level 5 in Armour
  1974 | D:11     | Reached skill level 5 in Shields
  1974 | D:11     | Reached skill level 5 in Unarmed Combat
  1974 | D:11     | Reached skill level 5 in Evocations
  1982 | D:11     | Noticed a brown ugly thing
  1987 | D:11     | Reached * piety under Cheibriados
  1997 | D:11     | Reached skill level 7 in Earth Magic
  2020 | D:11     | Noticed Psyche
  2025 | D:11     | Found a frozen archway.
  2025 | D:11     | Killed Psyche
  2025 | D:11     | Reached skill level 7 in Dodging
  2081 | D:11     | Killed a brown ugly thing
  2081 | D:11     | Reached skill level 5 in Transmutations
  2081 | D:11     | Reached skill level 6 in Invocations
  2088 | D:11     | Learned a level 5 spell: Lee's Rapid Deconstruction
  2088 | D:11     | Reached skill level 7 in Stealth
  2155 | D:12     | Noticed a two-headed ogre
  2173 | D:12     | Killed a two-headed ogre
  2173 | D:12     | Reached XP level 11. HP: 53/81 MP: 4/22
  2257 | D:12     | Noticed a white ugly thing
  2273 | D:12     | Killed a white ugly thing
  2302 | D:12     | Noticed a four-headed hydra
  2311 | D:12     | Killed a four-headed hydra
  2311 | D:12     | Reached skill level 6 in Fighting
  2311 | D:12     | Reached skill level 6 in Short Blades
  2311 | D:12     | Reached skill level 6 in Long Blades
  2311 | D:12     | Reached skill level 6 in Axes
  2311 | D:12     | Reached skill level 6 in Maces & Flails
  2311 | D:12     | Reached skill level 6 in Polearms
  2311 | D:12     | Reached skill level 6 in Staves
  2311 | D:12     | Reached skill level 6 in Slings
  2311 | D:12     | Reached skill level 6 in Bows
  2311 | D:12     | Reached skill level 6 in Crossbows
  2311 | D:12     | Reached skill level 6 in Throwing
  2311 | D:12     | Reached skill level 6 in Armour
  2311 | D:12     | Reached skill level 6 in Shields
  2311 | D:12     | Reached skill level 6 in Unarmed Combat
  2311 | D:12     | Reached skill level 5 in Conjurations
  2311 | D:12     | Reached skill level 5 in Hexes
  2311 | D:12     | Reached skill level 5 in Charms
  2311 | D:12     | Reached skill level 5 in Summonings
  2311 | D:12     | Reached skill level 5 in Necromancy
  2311 | D:12     | Reached skill level 5 in Translocations
  2311 | D:12     | Reached skill level 5 in Fire Magic
  2311 | D:12     | Reached skill level 5 in Ice Magic
  2311 | D:12     | Reached skill level 5 in Air Magic
  2311 | D:12     | Reached skill level 5 in Poison Magic
  2311 | D:12     | Reached skill level 6 in Evocations
  2372 | D:12     | Got a jewelled shortbow
  2532 | D:13     | Noticed a catoblepas
  2543 | D:13     | Killed a catoblepas
  2543 | D:13     | Reached skill level 8 in Spellcasting
  2553 | D:13     | Reached ** piety under Cheibriados
  2671 | D:9      | Identified the cursed +1 shortbow "Izxikaq" {velocity, *Drain rElec rN+++ Dex+2} (You found it on level 12 of the Dungeon)
  2695 | D:9      | Gained mutation: You have a pair of small antennae on your head. [potion of mutation]
  2695 | D:9      | Gained mutation: You occasionally shout uncontrollably at your foes. [potion of mutation]
  2695 | D:9      | Gained mutation: You possess an exceptional clarity of mind. [potion of mutation]
  2811 | D:10     | Found Arui's Jewellery Boutique.
  2825 | D:10     | Reached skill level 7 in Invocations
  2867 | D:10     | Noticed a two-headed ogre
  2873 | D:10     | Killed a two-headed ogre
  2873 | D:10     | Reached skill level 8 in Dodging
  2890 | D:10     | Found a deep blue altar of Sif Muna.
  2925 | D:10     | Noticed Erolcha
  2931 | D:10     | Killed Erolcha
  3126 | D:11     | Reached skill level 6 in Transmutations
  3161 | D:11     | Reached skill level 8 in Stealth
  3191 | D:11     | Reached *** piety under Cheibriados
  3191 | D:11     | Reached XP level 12. HP: 86/89 MP: 16/24
  3239 | D:11     | Found a staircase to the Lair.
  3256 | Lair:1   | Entered Level 1 of the Lair of Beasts
  3285 | Lair:1   | Learned a level 3 spell: Ozocubu's Armour
  3287 | Lair:1   | Learned a level 1 spell: Summon Butterflies
  3355 | Lair:1   | Reached skill level 8 in Earth Magic
  3426 | Lair:2   | Found a staircase to the Swamp.
  3438 | Swamp:1  | Entered Level 1 of the Swamp
  3491 | Swamp:1  | Noticed a spriggan rider
  3498 | Swamp:1  | Noticed a spriggan rider
  3499 | Swamp:1  | Noticed a spriggan rider
  3557 | Swamp:3  | Noticed a seven-headed hydra
  3558 | Swamp:3  | Noticed an alligator
  3560 | Swamp:3  | Noticed an alligator
  3573 | Swamp:3  | Killed an alligator
  3573 | Swamp:3  | Reached skill level 7 in Fighting
  3573 | Swamp:3  | Reached skill level 7 in Short Blades
  3573 | Swamp:3  | Reached skill level 7 in Long Blades
  3573 | Swamp:3  | Reached skill level 7 in Axes
  3573 | Swamp:3  | Reached skill level 7 in Maces & Flails
  3573 | Swamp:3  | Reached skill level 7 in Polearms
  3573 | Swamp:3  | Reached skill level 7 in Staves
  3573 | Swamp:3  | Reached skill level 7 in Slings
  3573 | Swamp:3  | Reached skill level 7 in Bows
  3573 | Swamp:3  | Reached skill level 7 in Crossbows
  3573 | Swamp:3  | Reached skill level 7 in Throwing
  3573 | Swamp:3  | Reached skill level 7 in Armour
  3573 | Swamp:3  | Reached skill level 7 in Shields
  3573 | Swamp:3  | Reached skill level 7 in Unarmed Combat
  3573 | Swamp:3  | Reached skill level 7 in Evocations
  3609 | Swamp:3  | Killed an alligator
  3676 | Swamp:3  | Noticed a four-headed hydra
  3683 | Swamp:3  | Killed a four-headed hydra
  3683 | Swamp:3  | Reached skill level 6 in Conjurations
  3683 | Swamp:3  | Reached skill level 6 in Hexes
  3683 | Swamp:3  | Reached skill level 6 in Charms
  3683 | Swamp:3  | Reached skill level 6 in Summonings
  3683 | Swamp:3  | Reached skill level 6 in Necromancy
  3683 | Swamp:3  | Reached skill level 6 in Translocations
  3683 | Swamp:3  | Reached skill level 6 in Fire Magic
  3683 | Swamp:3  | Reached skill level 6 in Ice Magic
  3683 | Swamp:3  | Reached skill level 6 in Air Magic
  3683 | Swamp:3  | Reached skill level 6 in Poison Magic
  3687 | Swamp:3  | Noticed an eight-headed hydra
  3698 | Swamp:3  | Killed an eight-headed hydra
  3698 | Swamp:3  | Reached skill level 9 in Spellcasting
  3698 | Swamp:3  | Reached skill level 8 in Invocations
  3716 | Swamp:3  | Lost mutation: You occasionally shout uncontrollably at your foes. [potion of mutation]
  3716 | Swamp:3  | Lost mutation: You have a pair of small antennae on your head. [potion of mutation]
  3716 | Swamp:3  | Lost mutation: You possess an exceptional clarity of mind. [potion of mutation]
  3716 | Swamp:3  | Gained mutation: Scrolls take you a little longer to read. [potion of mutation]
  3716 | Swamp:3  | Gained mutation: Your body sometimes deteriorates upon taking damage. [potion of mutation]
  3716 | Swamp:3  | Gained mutation: You evolve. [potion of mutation]
  3716 | Swamp:3  | Gained mutation: You are resistant to hostile enchantments. (MR+) [potion of mutation]
  3736 | Swamp:4  | Entered Level 4 of the Swamp
  3736 | Swamp:4  | Noticed a spriggan rider
  3802 | Swamp:3  | Killed a seven-headed hydra
  3856 | Swamp:4  | Reached **** piety under Cheibriados
  3863 | Swamp:4  | Noticed a six-headed hydra
  3867 | Swamp:4  | Noticed a six-headed hydra
  3867 | Swamp:4  | Noticed a four-headed hydra
  3877 | Swamp:4  | Killed a four-headed hydra
  3879 | Swamp:4  | Killed a six-headed hydra
  3879 | Swamp:4  | Reached skill level 9 in Dodging
  3880 | Swamp:4  | Noticed a four-headed hydra
  3887 | Swamp:4  | Killed a four-headed hydra
  3890 | Swamp:4  | Killed a six-headed hydra
  3890 | Swamp:4  | Reached XP level 13. HP: 59/98 MP: 11/26
  3910 | Swamp:4  | Learned a level 4 spell: Summon Ice Beast
  3953 | Swamp:4  | Reached skill level 9 in Stealth
  3956 | Swamp:4  | Reached skill level 7 in Transmutations
  3962 | Swamp:4  | Reached skill level 8 in Fighting
  3962 | Swamp:4  | Reached skill level 8 in Short Blades
  3962 | Swamp:4  | Reached skill level 8 in Long Blades
  3962 | Swamp:4  | Reached skill level 8 in Axes
  3962 | Swamp:4  | Reached skill level 8 in Maces & Flails
  3962 | Swamp:4  | Reached skill level 8 in Polearms
  3962 | Swamp:4  | Reached skill level 8 in Staves
  3962 | Swamp:4  | Reached skill level 8 in Slings
  3962 | Swamp:4  | Reached skill level 8 in Bows
  3962 | Swamp:4  | Reached skill level 8 in Crossbows
  3962 | Swamp:4  | Reached skill level 8 in Throwing
  3962 | Swamp:4  | Reached skill level 8 in Armour
  3962 | Swamp:4  | Reached skill level 8 in Shields
  3962 | Swamp:4  | Reached skill level 8 in Unarmed Combat
  3962 | Swamp:4  | Reached skill level 8 in Evocations
  3980 | Swamp:4  | HP: 13/147 [swamp drake (13)]
  3980 | Swamp:4  | HP: 6/147 [five-headed hydra (3)]
  3981 | Swamp:4  | Killed from afar by a spriggan druid

Skill      XL: |  1  2  3  4  5  6  7  8  9 10 11 12 13 |
---------------+----------------------------------------+-----
Transmutations | 2 3 4 5 6 7 |  7.1
Spellcasting   | 5 6 7 8 9 |  9.5
Fighting       | 1 2 3 4 5 6 7 8 |  8.0
Short Blades   | 1 2 3 4 5 6 7 8 |  8.0
Long Blades    | 1 2 3 4 5 6 7 8 |  8.0
Axes           | 1 2 3 4 5 6 7 8 |  8.0
Maces & Flails | 1 2 3 4 5 6 7 8 |  8.0
Polearms       | 1 2 3 4 5 6 7 8 |  8.0
Staves         | 1 2 3 4 5 6 7 8 |  8.0
Slings         | 1 2 3 4 5 6 7 8 |  8.0
Bows           | 1 2 3 4 5 6 7 8 |  8.0
Crossbows      | 1 2 3 4 5 6 7 8 |  8.0
Throwing       | 1 2 3 4 5 6 7 8 |  8.0
Armour         | 1 2 3 4 5 6 7 8 |  8.0
Shields        | 1 2 3 4 5 6 7 8 |  8.0
Unarmed Combat | 1 2 3 4 5 6 7 8 |  8.0
Invocations    | 1 2 3 4 5 6 7 8 |  8.8
Evocations     | 1 2 3 4 5 6 7 8 |  8.0
Conjurations   | 1 2 3 4 5 6 |  6.7
Hexes          | 1 2 3 4 5 6 |  6.7
Charms         | 1 2 3 4 5 6 |  6.7
Summonings     | 1 2 3 4 5 6 |  6.7
Necromancy     | 1 2 3 4 5 6 |  6.7
Translocations | 1 2 3 4 5 6 |  6.7
Fire Magic     | 1 2 3 4 5 6 |  6.7
Ice Magic      | 1 2 3 4 5 6 |  6.7
Air Magic      | 1 2 3 4 5 6 |  6.7
Poison Magic   | 1 2 3 4 5 6 |  6.7
Dodging        | 5 6 7 8 9 |  9.3
Stealth        | 5 6 7 8 9 |  9.1
Earth Magic    | 6 7 8 |  8.7

Action                   |  1- 3 |  4- 6 |  7- 9 | 10-12 | 13-15 || total
-------------------------+-------+-------+-------+-------+-------++-------
Melee: Bite              |     1 |     1 |    16 |    28 |       ||    46
       Club              |     1 |       |       |       |       ||     1
       Dagger            |       |    23 |   109 |   126 |     1 ||   259
       Flail             |       |       |    21 |       |       ||    21
       Punch             |       |       |     1 |     8 |     2 ||    11
       War axe           |       |       |       |    34 |       ||    34
       Scimitar          |       |       |       |     9 |       ||     9
       Unarmed           |       |       |       |       |    11 ||    11
Throw: Tomahawk          |       |       |     4 |     4 |       ||     8
 Cast: Sandblast         |    24 |    30 |    73 |    52 |       ||   179
       Passwall          |     3 |     8 |     4 |    25 |       ||    40
       Stone Arrow       |       |     1 |       |     2 |       ||     3
       Conjure Flame     |       |       |     1 |     3 |       ||     4
       Petrify           |       |       |     4 |    45 |     2 ||    51
       Lee's Rapid Decon |       |       |       |     2 |       ||     2
       Mephitic Cloud    |       |       |       |     2 |       ||     2
       Ozocubu's Armour  |       |       |       |     3 |     1 ||     4
       Blink             |       |       |       |     1 |     3 ||     4
       Summon Ice Beast  |       |       |       |       |     1 ||     1
Invok: Slouch            |       |       |       |       |     2 ||     2
Evoke: Wand              |       |       |    13 |    38 |    23 ||    74
  Use: Scroll            |     1 |     4 |     4 |     9 |     2 ||    20
       Potion            |       |       |     2 |     8 |     6 ||    16
 Stab: Sleeping          |     1 |     4 |     4 |    16 |       ||    25
       Petrified         |       |       |     8 |    36 |     1 ||    45
       Confused          |       |       |       |     1 |       ||     1
       Petrifying        |       |       |       |     9 |       ||     9
  Eat: Ration            |       |     1 |       |     1 |     1 ||     3
       Chunk             |       |       |       |     2 |       ||     2
Armor: Robe              |     2 |     9 |    37 |     6 |       ||    54
       Ring mail         |       |     3 |       |       |       ||     3
       Troll leather arm |       |       |       |    47 |     2 ||    49
       Skin              |       |       |       |    36 |    66 ||   102
Dodge: Dodged            |     3 |    39 |   100 |   157 |    13 ||   312
       Rpst.: Scimitar   |       |       |       |     2 |       ||     2

Table legend:
 A = Turns spent in this place as a percentage of turns spent in the entire game.
 B = Non-inter-level travel turns spent in this place as a percentage of non-inter-level travel turns spent in the entire game.
 C = Inter-level travel turns spent in this place as a percentage of turns spent in this place.
 D = Turns resting spent in this place as a percentage of non-inter-level travel turns spent in this place.
 E = Turns spent auto-exploring this place as a percentage of non-inter-level travel turns spent in this place.
 F = Non-inter-level travel turns spent in this place divided by the number of levels of this place that you've seen.
                   A       B       C       D       E      F
               +-------+-------+-------+-------+-------+----------------------
         Total | 100.0 | 100.0 |   0.8 |   0.0 |   0.0 | 197.4
       Dungeon |  80.1 |  80.8 |   0.0 |   0.0 |   0.0 | 245.4
        Temple |   1.7 |   0.9 |  48.5 |   0.0 |   0.0 |  34.0
          Lair |   4.6 |   4.6 |   0.0 |   0.0 |   0.0 |  91.0
         Swamp |  13.6 |  13.8 |   0.0 |   0.0 |   0.0 | 135.8
               +-------+-------+-------+-------+-------+----------------------

Table legend:
 A = Kills in this place as a percentage of kills in entire the game.
 B = Kills by you in this place as a percentage of kills by you in the entire game.
 C = Kills by friends in this place as a percentage of kills by friends in the entire game.
 D = Other kills in this place as a percentage of other kills in the entire game.
 E = Experience gained in this place as a percentage of experience gained in the entire game.
 F = Experience gained in this place divided by the number of levels of this place that you have seen.
                   A       B       C       D       E      F
               +-------+-------+-------+-------+-------+----------------------
         Total | 100.0 | 100.0 | 100.0 | 100.0 | 100.0 | 1979.7
       Dungeon |  74.8 |  78.0 |   0.0 |   0.0 |  47.9 | 1458.4
          Lair |   2.3 |   2.4 |   0.0 |   0.0 |   4.0 | 784.0
         Swamp |  22.9 |  19.5 | 100.0 | 100.0 |  48.2 | 4766.8
               +-------+-------+-------+-------+-------+----------------------

Vault maps used:
D:1:      scummos_arrival_hexagon, minmay_shallow_snake_nest
D:2:      kennysheep_vampire_church, kennysheep_cross_bottleneck
D:3:      lemuel_coloured_pillars_altar, first_ration, uniq_terence
D:4:      minmay_temple_entry_glassed_door, dk_vineyard_2
D:5:      grunt_temple_overflow_open, led_sif_pool, uniq_blork_the_orc
D:6:      slow_altar_1, fedhas_altar_decomposition
D:8:      lemuel_doored_altar, bloody_trog, serial_shops,
          nicolae_shop_competitors_out_of_business, trog_three_pillars_becter,
          uniq_prince_ribbit1
D:9:      fiery_altar_vehumet
D:10:     basic_altar, serial_shops, nicolae_shop_stone, uniq_erolcha
D:11:     erik_lair_dragon, portal_ice_cave_rime, uniq_psyche
D:12:     hiddenorc1_lemuel, hangedman_fish_farm, jiyva_altar_1
D:13:     elyvilon_altar_4
Temple:   minmay_temple_bridge_abc
Lair:1:   dragon1_lemuel, hibernation_bobbens, uniq_grum
Lair:2:   swamp_mist, grunt_megastairs_5
Swamp:1:  evilmike_swamp_ruin_house_5, swamp_pool3, grunt_witch_cave
Swamp:2:  evilmike_swamp_ruin_house_1
Swamp:3:  nicolae_swamp_trees_clearing
Swamp:4:  swamp
